Map: Data-C

Players

Nina

  • Race: Protoss Protoss
  • League: Master
  • Spawn Location: 3:00

SKillous - Winner!

  • Race: Protoss Protoss
  • League: Grandmaster
  • Spawn Location: 9:00

Event: HomeStory Cup XXII

VOD

Have the link to the VOD?

Description

Time

  • Played on: Dec. 16, 2022, 11:30 a.m.
  • Length: 7:11

All games in this series

Show
View Real Time Build Order
Export as new Build Order

Nina Protoss 

Build Orders: Blink Stalkers 

Get SALT Encoding   

  12  0:00  Probe  
  13  0:12  Probe  
  14  0:18  Pylon  
  14  0:24  Probe (Chrono Boost)  
  15  0:37  Probe (Chrono Boost), Gateway  
  16  0:45  Probe (Chrono Boost)  
  16  0:47  Assimilator  
  17  0:51  Probe  
  17  0:55  Assimilator  
  18  1:03  Probe (Chrono Boost)  
  19  1:13  Probe (Chrono Boost)  
  19  1:16  Pylon  
  19  1:18  Probe (Chrono Boost)  
  21  1:27  Cybernetics Core  
  21  1:30  Probe  
  22  1:34  Zealot  
  24  1:42  Probe  
  25  1:57  Probe  
  26  2:07  Nexus  
  26  2:11  Stalker (Chrono Boost)  
  28  2:18  Warp Gate  
  28  2:27  Shield Battery  
  28  2:28  Probe  
  29  2:37  Pylon  
  29  2:40  Probe  
  30  2:52  Twilight Council  
  30  2:53  Probe  
  31  3:00  Stalker  
  33  3:07  Probe  
  34  3:17  Gateway  
  34  3:19  Probe  
  35  3:23  Gateway  
  35  3:27  Probe  
  36  3:32  Blink (Chrono Boost)  
  37  3:34  Probe (Chrono Boost)  
  37  3:39  Probe (Chrono Boost)  
  38  3:49  Probe (Chrono Boost)  
  38  3:50  Probe (Chrono Boost)  
  38  3:54  Probe (Chrono Boost)  
  38  3:56  Pylon  
  38  3:57  Probe  
  40  4:05  Probe  
  40  4:07  Stalker  
  40  4:09  Probe  
  44  4:15  Pylon  
  44  4:17  Probe  
  44  4:19  Dark Shrine  
  44  4:20  Stalker  
  44  4:22  Probe  
  48  4:27  Robotics Facility  
  48  4:31  Probe  
  49  4:34  Stalker  
  51  4:39  Probe  
  51  4:44  Stalker  
  54  4:46  Probe  
  54  4:51  Pylon  
  56  4:57  Stalker  
  59  5:03  Nexus  
  57  5:10  Shield Battery, Stalker  
  57  5:11  Probe  
  58  5:29  Stalker  
  58  5:35  Dark Templar  
  58  5:37  Immortal  
  58  5:39  Probe  
  52  5:51  Stalker  
  52  5:53  Probe  
  52  5:54  Probe  
  52  5:56  Gateway  
  56  5:58  Gateway  
  56  5:59  Stalker  
  58  6:09  Probe  
  59  6:16  Immortal  
  60  6:18  Stalker  
  60  6:23  Stalker  
  56  6:31  Probe  
  56  6:32  Assimilator  
  56  6:35  Gateway  
  56  6:42  Stalker  
  58  6:48  Stalker  
  60  6:55  Stalker x2  
  61  7:02  Nexus  
Show
View Real Time Build Order
Export as new Build Order

SKillous Protoss - Winner!

Build Orders: Blink Stalkers 

Get SALT Encoding   

  12  0:00  Probe  
  13  0:12  Probe  
  14  0:19  Pylon  
  14  0:24  Probe  
  15  0:37  Probe (Chrono Boost)  
  15  0:40  Gateway  
  16  0:47  Probe (Chrono Boost), Assimilator  
  17  0:52  Probe (Chrono Boost)  
  18  1:03  Probe  
  19  1:15  Probe  
  20  1:31  Probe  
  20  1:32  Cybernetics Core  
  21  1:33  Pylon  
  23  1:50  Nexus  
  23  1:53  Probe  
  22  1:57  Assimilator  
  22  2:05  Adept (Chrono Boost), Probe  
  23  2:09  Warp Gate  
  25  2:17  Probe (Chrono Boost)  
  26  2:28  Probe (Chrono Boost), Stalker  
  29  2:30  Pylon  
  29  2:33  Probe (Chrono Boost)  
  30  2:39  Twilight Council  
  30  2:44  Probe  
  31  2:54  Gateway  
  31  2:56  Probe  
  32  3:02  Stalker  
  32  3:04  Probe  
  35  3:12  Blink (Chrono Boost)  
  35  3:13  Pylon  
  35  3:18  Probe  
  34  3:23  Probe  
  37  3:35  Probe x2  
  37  3:44  Robotics Facility  
  37  3:46  Gateway  
  37  3:47  Probe  
  37  3:48  Probe  
  39  3:57  Stalker x2  
  39  3:59  Probe  
  39  4:01  Pylon  
  39  4:02  Assimilator  
  44  4:03  Probe  
  45  4:12  Probe  
  45  4:15  Probe  
  47  4:22  Stalker x2  
  47  4:24  Probe  
  52  4:27  Probe  
  54  4:31  Observer  
  54  4:36  Probe  
  54  4:37  Pylon  
  55  4:39  Probe  
  55  4:42  Stalker  
  58  4:45  Stalker x2  
  58  4:51  Pylon  
  61  4:54  Observer  
  62  5:00  Nexus  
  62  5:05  Stalker  
  62  5:06  Probe  
  65  5:07  Probe  
  65  5:10  Stalker  
  64  5:29  Stalker  
  64  5:30  Stalker  
  64  5:32  Probe  
  69  5:39  Probe  
  68  5:45  Probe (Chrono Boost)  
  68  5:47  Observer  
  68  5:50  Stalker  
  68  5:55  Observer  
  68  5:57  Probe x2 (Chrono Boost), Gateway  
  72  5:58  Gateway  
  72  5:59  Gateway  
  72  6:00  Shield Battery  
  72  6:02  Forge, Pylon  
  72  6:03  Probe (Chrono Boost)  
  74  6:05  Probe (Chrono Boost)  
  74  6:06  Stalker  
  74  6:09  Stalker  
  74  6:11  Probe  
  76  6:17  Probe x2 (Chrono Boost)  
  75  6:23  Probe (Chrono Boost)  
  74  6:29  Probe (Chrono Boost)  
  74  6:32  Stalker x3  
  82  6:35  Probe x2 (Chrono Boost)  
  82  6:37  Probe (Chrono Boost)  
  82  6:39  Probe (Chrono Boost)  
  84  6:41  Probe (Chrono Boost)  
  84  6:43  Probe  
  87  6:47  Pylon  
  84  7:07  Stalker x4  
Tags
 
Add a new tag
Caveats
  • Supply blocks, unpowered buildings, or Contaminate may cause inaccurate times.
  • Supply counts are checked every 10 seconds.